 Dungeon Crawl Stone Soup version 0.28.0-45-g0d030f2227 (webtiles) character file.

Game seed: 3982597729692463493

63 sking99 the Stinger (level 3, -4/20 HPs)
             Began as a Deep Elf Venom Mage on May 20, 2022.
             Shot with an arrow by a centaur (10 damage)
             ... on level 3 of the Dungeon.
             The game lasted 00:04:44 (2890 turns).

sking99 the Stinger (Deep Elf Venom Mage)           Turns: 2890, Time: 00:04:44

Health: -4/20      AC:  3    Str:  7    XL:     3   Next: 89%
Magic:  3/9        EV: 12    Int: 19    God:
Gold:   118        SH:  0    Dex: 15    Spells: 2/8 levels left

rFire   . . .      SeeInvis .   d - +0 dagger
rCold   . . .      Faith    .   (no shield)
rNeg    . . .      Spirit   .   e - +0 leather armour
rPois   .          Reflect  .   (no helmet)
rElec   .          Harm     .   (no cloak)
rCorr   .          Rampage  .   (no gloves)
Will    +....                   (no boots)
Stlth   ++........              (no amulet)
HPRegen 0.06/turn               l - ring of willpower
MPRegen 0.11/turn               (no ring)

@: no status effects
A: no striking features
a: no special abilities


You were on level 3 of the Dungeon.
You visited 1 branch of the dungeon, and saw 3 of its levels.

You collected 118 gold pieces.

Inventory:

Hand Weapons
 d - a +0 dagger (weapon)
Armour
 a - a +0 robe
 e - a +0 leather armour (worn)
Jewellery
 l - a ring of willpower (left hand)
 m - a ring of magical power
Wands
 k - a wand of paralysis (8)
Scrolls
 b - 2 scrolls of identify {unknown}
 g - a scroll of noise {unknown}
 h - a scroll of blinking {unknown}
 i - a scroll of magic mapping {unknown}
 j - 2 scrolls of immolation {unknown}
Potions
 c - 2 potions of cancellation {unknown}
 f - a potion of curing {unknown}


   Skills:
 - Level 0.8 Fighting
 + Level 3.1 Dodging
 - Level 2.4 Stealth
 - Level 3.0 Spellcasting
 + Level 0.0 Conjurations
 - Level 2.0 Transmutations
 + Level 0.9 Air Magic
 * Level 4.1 Poison Magic


You had 2 spell levels left.
You knew the following spells:

 Your Spells              Type           Power      Damage    Failure   Level
a - Sting                 Tmut/Pois      56%        1d5       6%          1
b - Poisonous Vapours     Pois/Air       24%        N/A       12%         2
c - Mephitic Cloud        Conj/Pois/Air  9%         N/A       34%         3

Your spell library contained the following spells:

 Spells                   Type           Power      Damage    Failure   Level
 Olgreb's Toxic Radiance  Pois           18%        N/A       38%         4


Dungeon Overview and Level Annotations

Branches:
Dungeon (3/15)

Altars:

Shops:
D:2 [


Message History

You kill the kobold!
You start resting.
Magic restored.
There is a stone staircase leading down here.
You climb downwards.
Found a hand axe and 4 gold pieces.
There is a stone staircase leading up here.
You now have enough gold to buy a cloak on D:2, or buy a pair of gloves on D:2.
You can access your shopping list by pressing '$'.
You now have 118 gold pieces (gained 4).
Casting: Poisonous Vapours (safe; 12% risk of failure)
Confirm with . or Enter, or press ? or * to list all spells.
Aiming: Poisonous Vapours (safe; 12% risk of failure)
Press: ? - help, Dir - move target, f - centaur
Aim: a centaur, quivering arrows (wandering, hasn't noticed you) Poisonous vapours surround the centaur!
The centaur is poisoned.
The centaur shouts!
The centaur wields a +0 shortbow.
The centaur shoots an arrow.
The arrow hits you.
You hear a shout!
Casting: Poisonous Vapours (safe; 12% risk of failure)
Confirm with . or Enter, or press ? or * to list all spells.
Aiming: Poisonous Vapours (safe; 12% risk of failure)
Press: ? - help, Dir - move target, f/p - centaur
Aim: a centaur, wielding a +0 shortbow and quivering arrows (poisoned) Poisonous vapours surround the centaur!
The centaur looks even sicker.
Casting: Poisonous Vapours (safe; 12% risk of failure)
Confirm with . or Enter, or press ? or * to list all spells.
Aiming: Poisonous Vapours (safe; 12% risk of failure)
Press: ? - help, Dir - move target, f/p - centaur
Aim: a centaur, wielding a +0 shortbow and quivering arrows (lightly wounded, very poisoned) Poisonous vapours surround the centaur!
The centaur looks even sicker.
The centaur shoots an arrow.
The arrow hits you!
Ouch! That really hurt!
* * * LOW HITPOINT WARNING * * *
A hobgoblin comes into view.
The centaur shoots an arrow.
The arrow closely misses you.
The centaur shoots an arrow.
The arrow hits you!
Ouch! That really hurt!
You die...

#.# #. #.# #.
#####.#### #.
#........# #.
#.###.##.# #. #.#
#.##.# #.
#.###.##.#
.#####.##.##..##.#
.gc.....@..#.###.#
.......##..#.# #.#
.########..#.###.#
#........)..#
.........####
.........######.
#...............
#........#######
####.#..<#


You could see a centaur (very poisoned) and a hobgoblin.

Vanquished Creatures
  An adder (D:2)
  A worm (D:2)
  3 dart slugs (D:1)
  7 ball pythons
  2 bats (D:1)
  An endoplasm (D:1)
  4 giant cockroaches
  9 goblins
  5 hobgoblins
  A jackal (D:2)
  4 kobolds
  A rat (D:2)
39 creatures vanquished.

Notes
Turn   | Place    | Note
-------+----------+-------------------------------------------
     0 | D:1      | sking99 the Deep Elf Venom Mage began the quest for the
                  | Orb.
     0 | D:1      | Reached XP level 1. HP: 10/10 MP: 6/6
   148 | D:1      | Reached XP level 2. HP: 16/16 MP: 5/8
   539 | D:1      | Learned a level 2 spell: Poisonous Vapours
   855 | D:1      | Reached XP level 3. HP: 20/20 MP: 6/9
  1124 | D:2      | Found Voist's Antique Armour Emporium.
  1338 | D:2      | Reached skill level 4 in Poison Magic
  1500 | D:2      | Learned a level 3 spell: Mephitic Cloud
  2766 | D:3      | Noticed a centaur
  2890 | D:3      | Shot with an arrow by a centaur

Illustrated notes

Levels and vault maps discovered:
D:1:      dpeg_arrival_rooms_with_view, layout_loops_ring
D:2:      layout_rooms, serial_shops, nicolae_shop_statue_plus,
          serial_co_window_serial, co_window_paths_b,
          co_window_of_opportunity_a, co_window_cross_1, co_window_paths_b,
          co_window_paths_a, co_window_2corner, co_window_corner_cb,
          co_window_corner_cb, co_window_4corner_a, glass_columns_a,
          glass_columns_a
D:3:      layout_loops_ring, shapermc_ecumenical_altar_petra

Skill      XL: |  1  2  3 |
---------------+----------+-----
Poison Magic   | 4 |  4.1
Dodging        | 3 |  3.1
Transmutations | 2 |  2.0
Fighting       | |  0.8
Stealth        | |  2.4
Spellcasting   | |  3.0
Air Magic      | |  0.9

Action                   || total
-------------------------++-------
Melee: Dagger            ||     3
 Cast: Sting             ||    57
       Poisonous Vapours ||    34
Armor: Leather armour    ||     2
Dodge: Dodged            ||    24
